 Dungeon Crawl Stone Soup version 0.30-a0-359-gd0147acb1a (webtiles) character file.

Game seed: 10557451717655394911

133995 porpoise the Warrior (level 16, -1/138 HPs)
             Began as a Demonspawn Monk on Nov 11, 2022.
             Was the Champion of Hepliaklqana.
             Slain by a sun moth (6 damage)
             ... on level 2 of the Spider Nest on Nov 12, 2022.
             The game lasted 02:55:06 (31872 turns).

porpoise the Warrior (Demonspawn Monk)             Turns: 31872, Time: 02:55:07

Health: -1/138     AC: 31    Str: 15    XL:     16   Next: 61%
Magic:  26/26      EV: 13    Int: 12    God:    Hepliaklqana [******]
Gold:   535        SH: 15    Dex: 27    Spells: 15/15 levels left

rFire   . . .      SeeInvis .    a - +2 double sword (elec)
rCold   + + .      Faith    .    M - +2 kite shield {reflect}
rNeg    + . .      Spirit   .    e - +3 ice dragon scales
rPois   +          Reflect  +    (helmet unavailable)
rElec   .          Harm     .    u - +2 cloak {rC+}
rCorr   .          Rampage  .    R - +0 pair of gloves {Dex+3}
Will    ++...                    D - +0 pair of boots {Stlth+}
Stlth   ++........               (no amulet)
HPRegen 0.43/turn                m - ring of willpower
MPRegen 0.20/turn                A - ring of the Sunfish {Fire Fly rPois rN+ Dex+4}

@: on fire, sanguine armoured, flying, glowing
A: reduced essence, horns 3, demonic guardian 1, ignite blood 2, robust 1,
sanguine armour 3
a: Renounce Religion, Recall Ancestor, Ancestor Identity, Transference, Idealise


You were on level 2 of the Spider Nest.
You worshipped Hepliaklqana.
Hepliaklqana was exalted by your worship.
You visited 5 branches of the dungeon, and saw 25 of its levels.
You also visited: Sewer, Gauntlet and Ice Cave.

You collected 2776 gold pieces.
You spent 2241 gold pieces at shops.

Inventory:

Hand Weapons
 a - a +2 double sword of electrocution (weapon)
 b - a +2 dagger of draining
 w - a +0 hand crossbow of freezing
Missiles
 f - 4 curare-tipped darts (quivered)
 s - 4 atropa-tipped darts
 J - 6 javelins
Armour
 e - +3 ice dragon scales (worn)
 u - a +2 cloak of cold resistance (worn)
 D - a +0 pair of boots of stealth (worn)
 M - a +2 kite shield of reflection (worn)
 R - a +0 pair of gloves of dexterity (worn)
Jewellery
 m - a ring of willpower (left hand)
 A - the ring of the Sunfish (right hand) {Fire Fly rPois rN+ Dex+4}
   (You bought it in a shop on level 2 of the Orcish Mines)

   [ring of fire]

   It enhances your fire magic.
   Dex:       It affects your dexterity (+4).
   rF:        It protects you from fire.
   rC:        It makes you vulnerable to cold.
   rPois:     It protects you from poison.
   rN:        It protects you from negative energy.
   Fly:       It grants you flight.
 H - the ring "Jawib" {Int+3 SInv}
   (You acquired it on level 9 of the Dungeon)

   [ring of see invisible]

   Int:       It affects your intelligence (+3).
   SInv:      It lets you see invisible.
Wands
 i - a wand of digging (15)
 k - a wand of roots (11)
 l - a wand of polymorph (3)
 v - a wand of paralysis (15)
 O - a wand of flame (28)
 U - a wand of mindburst (12)
 V - a wand of light (1)
Scrolls
 n - 8 scrolls of fog
 o - 2 scrolls of vulnerability
 p - a scroll of immolation
 z - a scroll of amnesia
 B - a scroll of silence
 E - 7 scrolls of teleportation
 F - 4 scrolls of fear
 K - 8 scrolls of identify
 Z - 4 scrolls of poison
Potions
 c - 5 potions of ambrosia
 d - 2 potions of haste
 g - 11 potions of curing
 h - 3 potions of resistance
 j - 2 potions of mutation
 q - 2 potions of flight
 r - 4 potions of heal wounds
 t - 4 potions of lignification
 y - 10 potions of attraction
 C - 2 potions of invisibility
 G - 2 potions of cancellation
 I - a potion of berserk rage
 Q - 5 potions of might
Miscellaneous
 x - a phial of floods
 P - a condenser vane
 T - a box of beasts


   Skills:
 - Level 16.0 Fighting
 - Level 4.1(11.0) Short Blades
 - Level 15.7(16.0) Long Blades
 + Level 8.2 Ranged Weapons
 - Level 5.0 Armour
 - Level 7.0 Dodging
 - Level 10.0 Stealth
 + Level 8.6 Shields
 - Level 14.0 Invocations
 + Level 9.7 Evocations


You had 15 spell levels left.
You didn't know any spells.
Your spell library contained the following spells:

 Spells                   Type           Power      Damage    Failure   Level
 Apportation              Tloc           0%         N/A       98%         1
 Freeze                   Ice            0%         1d3       98%         1
 Magic Dart               Conj           0%         1d3       98%         1
 Necrotise                Necr           0%         1d4       98%         1
 Shock                    Conj/Air       0%         1d3       98%         1
 Summon Small Mammal      Summ           0%         N/A       98%         1
 Blink                    Tloc           0%         N/A       99%         2
 Call Imp                 Summ           0%         N/A       99%         2
 Scorch                   Fire           0%         2d5       99%         2
 Frozen Ramparts          Ice            0%         1d1       100%        3
 Gell's Gravitas          Tloc           0%         N/A       100%        3
 Hailstorm                Conj/Ice       0%         3d3       100%        3
 Mephitic Cloud           Conj/Pois/Air  0%         N/A       100%        3
 Swiftness                Air            0%         N/A       100%        3
 Teleport Other           Tloc           0%         N/A       100%        3
 Airstrike                Air            0%         2d(0-16)  100%        4
 Animate Armour           Summ/Erth      0%         N/A       100%        4
 Animate Dead             Necr           0%         N/A       100%        4
 Cause Fear               Hex            0%         N/A       100%        4
 Flame Wave               Conj/Fire      0%         2d4       100%        4
 Leda's Liquefaction      Hex/Erth       0%         N/A       100%        4
 Manifold Assault         Tloc           0%         N/A       100%        4
 Blade Hands              Tmut           0%         N/A       100%        5
 Borgnjor's Vile Clutch   Necr/Erth      0%         N/A       100%        5
 Silence                  Hex/Air        0%         N/A       100%        5
 Death Channel            Necr           0%         N/A       100%        6
 Dispersal                Tloc           0%         N/A       100%        6
 Iron Shot                Conj/Erth      0%         9d1       100%        6
 Summon Cactus Giant      Summ           0%         N/A       100%        6
 Dragon Form              Tmut           0%         N/A       100%        7
 Storm Form               Tmut/Air       0%         N/A       100%        7
 Dragon's Call            Summ           0%         N/A       100%        9


Dungeon Overview and Level Annotations

Branches:
Dungeon (15/15)            Temple (1/1) D:7            Lair (5/5) D:11
 Shoals (0/4) Lair:2       Spider (2/4) Lair:2        Slime (0/5) Lair:4
    Orc (2/2) D:11            Elf (0/3) Orc:2        Vaults (0/5) D:13
 Depths (0/4) D:15          Sewer (visited)           IceCv (visited)
Gauntlet (visited)

Altars:
Cheibriados
Dithmenos
Fedhas
Gozag
Hepliaklqana
Kikubaaqudgha
Makhleb
Nemelex Xobeh
Okawaru
Qazlal
Ru
Sif Muna
Trog
Uskayaw
Vehumet
Wu Jian
Xom
Yredelemnul
Jiyva

Shops:
D:7 :   Orc:1 *   Orc:2 [*=!

Portals:
Pandemonium: Orc:2

Annotations:
Lair:5 exclusion: obsidian statue
Spider:1 2 transporters, oldmanjim's ghost, adept DjEE


Innate Abilities, Weirdness & Mutations

Your life essence is reduced to manifest your ancestor. (-10% HP)
You have a pair of large horns on your head.
A weak demonic guardian rushes to your aid.
Your demonic aura often causes spilled blood to erupt in flames.
You are robust. (+10% HP)
When seriously injured, your blood forms very thick armour. (AC +12)


Message History

You hit the sun moth.
The sun moth is severely wounded.
You are covered in liquid flames!
The sun moth bites you!!
* * * LOW HITPOINT WARNING * * *
You are covered in liquid flames.
You are covered in liquid flames!
You swap places.
You are covered in liquid flames!
* * * LOW HITPOINT WARNING * * *
The sun moth bites Becki!!!
The sun moth bites Becki!!
Becki is destroyed!
A steelbarb worm comes into view.
You hear a faint skittering sound.
You swap places.
You are covered in liquid flames!
* * * LOW HITPOINT WARNING * * *
You block the sun moth's attack.
The redback simulacrum is caught in a web!
Your orange demon closely misses the sun moth.
The sun moth bites you!
* * * LOW HITPOINT WARNING * * *
You are covered in liquid flames.
You are covered in liquid flames!
You slice the moth of wrath!! You headbutt the moth of wrath.
The moth of wrath is heavily wounded.
You are covered in liquid flames!
* * * LOW HITPOINT WARNING * * *
The sun moth bites you but does no damage.
Your orange demon stings the sun moth from afar.
Unknown command.
You slice the moth of wrath!!
The moth of wrath is almost dead.
You are covered in liquid flames!
* * * LOW HITPOINT WARNING * * *
You block the sun moth's attack.
The moth of wrath completely misses you.
The redback simulacrum struggles to get unstuck from the web.
The sun moth bites you.
You die...

#.#...##### #..........
#....###..†... .#
###..#.~#.#... ...
.#..^#.###..# ...
.#[.##....... . ..
....##..#..#.
#...#w#####.#..#..##..##
#..Zy@4..##..#.#..#...
#.##y#......##..#...##
#≈##.##.^.#......##
#~#####.[#.#.##.#.##
#~≈~.......)#.#[....#
#≈~#.....#...≈~...### #
################


You could see a sun moth (berserk, ally target), a steelbarb worm, a moth of
wrath (soul bound), a redback simulacrum (webbed) and a friendly orange demon
(summoned).

Vanquished Creatures
  Jorgrun (Orc:1)
  Frances (D:14)
  A ghost moth (Spider:1)
  A broodmother (Spider:1)
  A reaper (IceCv)
  A stone giant (D:15)
  Nessos (Orc:2)
  A spark wasp (Spider:1)
  A minotaur (Gauntlet)
  2 dire elephants (Lair:5)
  An ettin (Orc:2)
  An entropy weaver (Spider:1)
  Josephine (Lair:3)
  6 hydras
  An ogre mage (D:13)
  2 demonspawn (Orc:2)
  4 vault guards (D:13)
  A rakshasa (D:15)
  A jorogumo (Spider:1)
  8 centaur warriors
  An ice dragon (D:12)
  5 boulder beetles
  3 two-headed ogres
  A death knight (D:13)
  3 tengu warriors
  A catoblepas (D:13)
  3 death yaks
  3 orc high priests (Orc:2)
  2 thrashing horrors (Gauntlet)
  2 soul eaters
  A sun moth (Spider:2)
  A skeletal warrior (D:13)
  2 pharaoh ants
  A spectral anaconda (Lair:5)
  A steelbarb worm (Spider:1)
  An orb spider (Spider:2)
  A deep elf archer (D:13)
  2 deep elf pyromancers (D:15)
  4 orc knights (Orc:2)
  A wizard (D:13)
  4 wolf spiders
  3 necromancers (Lair:5)
  13 ugly things
  7 orc sorcerers (Orc:2)
  A manticore (D:15)
  6 cyclopes
  A dire elephant zombie (Lair:5)
  A merfolk siren (Lair:2)
  11 elephants (Lair:5)
  A black mamba (Lair:4)
  2 ice statues (IceCv)
  A rust devil (Orc:2)
  2 gargoyles
  15 cane toads
  2 dire elephant skeletons (Lair:5)
  3 unseen horrors
  A yaktaur (D:13)
  2 kobold demonologists
  3 rime drakes
  A demonic crawler (Spider:1)
  An efreet (D:15)
  5 komodo dragons
  7 ice devils (IceCv)
  A freezing wraith (D:13)
  2 tengu conjurers
  A red devil (Orc:2)
  An anaconda simulacrum (IceCv)
  5 polar bears
  7 trolls
  12 blink frogs
  5 tarantellas
  3 slime creatures
  A dream sheep (Lair:2)
  7 culicivoras
  12 jumping spiders
  A shadow (D:13)
  A vampire (D:13)
  2 water elementals (D:14)
  A dire elephant simulacrum (IceCv)
  46 yaks
  A human (D:13)
  8 basilisks
  9 wraiths
  A ynoxinul (Orc:2)
  2 wyverns
  18 redbacks
  A chaos spawn (Orc:2)
  5 vampire mosquitoes
  A steam dragon (D:9)
  A warg (Orc:1)
  A death yak simulacrum (IceCv)
  3 water moccasins
  A spectral cane toad (Lair:5)
  A harpy simulacrum (IceCv)
  3 acid dragons
  Duvessa (D:4)
  A hydra simulacrum (IceCv)
  20 orc warriors
  3 black bears (D:11)
  A sky beast (D:8)
  7 ogres
  14 wolves
  9 centaurs
  A phantom (D:6)
  6 kobold brigands
  A gnoll sergeant (D:12)
  A necrophage (D:7)
  2 bullfrogs
  3 scorpions
  2 cane toad simulacra (IceCv)
  2 two-headed ogre simulacra (IceCv)
  16 wights
  Dowan (D:4)
  3 elephant simulacra
  12 killer bees
  8 howler monkeys
  2 electric eels
  2 small abominations (Gauntlet)
  2 jellies
  4 hounds
  23 orc priests
  A gnoll bouda (D:9)
  3 iguanas
  10 hell rats (Lair:1)
  10 orc wizards
  5 gnolls
  8 adders
  3 naga simulacra (IceCv)
  6 river rats
  4 shadow imps (Gauntlet)
  2 white imps
  4 ufetubi
  3 dart slugs
  46 orcs
  8 endoplasms
  5 giant cockroaches
  9 goblins
  7 hobgoblins
  2 jackals
  6 quokkas
  10 ball pythons
  7 bats
  4 frilled lizards
  A goblin skeleton (D:8)
  A hobgoblin zombie (D:8)
  22 kobolds
  A kobold zombie (D:8)
  2 orc skeletons (D:8)
  6 rats
676 creatures vanquished.

Vanquished Creatures (collateral kills)
  A dire elephant (Lair:5)
  A demonspawn (Orc:2)
  A vault guard (D:13)
  2 boulder beetles
  2 skeletal warriors (D:13)
  An orb spider (Spider:2)
  A steelbarb worm (Spider:2)
  A necromancer (Lair:5)
  An ugly thing (D:15)
  An elephant (Lair:5)
  3 cane toads
  3 torpor snails
  An unseen horror (D:13)
  An efreet (D:13)
  2 trolls
  A tarantella (Spider:2)
  A slime creature (Lair:4)
  3 blink frogs
  A dream sheep (Lair:2)
  2 jumping spiders (Spider:1)
  A wraith (D:11)
  5 yaks
  A basilisk (Lair:2)
  A steam dragon (D:9)
  2 redbacks (Spider:1)
  2 wargs
  A harpy simulacrum (IceCv)
  A water moccasin (Lair:3)
  An ogre (Orc:2)
  3 orc warriors
  A black bear (D:11)
  A centaur (D:15)
  3 wolves
  A wight (D:10)
  3 killer bees
  3 orc priests (Orc:2)
  2 jellies
  A small abomination (Gauntlet)
  An iguana (D:6)
  An orc wizard (D:11)
  A hell rat (Lair:1)
  3 gnolls (D:9)
  2 ufetubi (IceCv)
  16 orcs
  A hobgoblin zombie (D:8)
  2 kobolds (D:9)
  2 butterflies (Lair:5)
92 creatures vanquished.

Vanquished Creatures (others)
  An orc sorcerer (Orc:2)
  15 hexers
  An electric eel (Lair:2)
  45 fungi
  57 plants
  16 withered plants
135 creatures vanquished.

Grand Total: 903 creatures vanquished

Notes
Turn   | Place    | Note
-------+----------+-------------------------------------------
     0 | D:1      | porpoise the Demonspawn Monk began the quest for the Orb.
     0 | D:1      | Reached XP level 1. HP: 18/18 MP: 1/1
   126 | D:1      | Gained mutation: You have a pair of small horns on your
                  | head. [demonic ancestry]
   126 | D:1      | Reached XP level 2. HP: 24/24 MP: 2/2
   515 | D:1      | Gained mutation: Your demonic aura sometimes causes spilled
                  | blood to erupt in flames. [demonic ancestry]
   515 | D:1      | Reached XP level 3. HP: 26/29 MP: 3/3
   981 | D:2      | Found a faded altar of an unknown god.
  1893 | D:3      | Identified the +8 mace of Othucwag {antimagic, rF+ rC-
                  | Dex+5}
  2132 | D:3      | Gained mutation: You have a pair of horns on your head.
                  | [demonic ancestry]
  2132 | D:3      | Reached XP level 4. HP: 32/37 MP: 4/4
  2954 | D:4      | Noticed Duvessa
  2955 | D:4      | Noticed Dowan
  2968 | D:4      | Killed Duvessa
  2969 | D:4      | Reached skill level 4 in Fighting
  2969 | D:4      | Gained mutation: When seriously injured, your blood forms
                  | armour. (AC +12) [demonic ancestry]
  2969 | D:4      | Reached XP level 5. HP: 35/42 MP: 5/5
  2972 | D:4      | Killed Dowan
  2973 | D:4      | Reached skill level 5 in Long Blades
  3029 | D:4      | Found the +6 shillelagh "Devastator" {shatter}
  3159 | D:4      | Found a glowing drain.
  3163 | Sewer    | Entered a sewer
  3199 | Sewer    | Gained mutation: A weak demonic guardian rushes to your
                  | aid. [demonic ancestry]
  3199 | Sewer    | Reached XP level 6. HP: 49/49 MP: 6/6
  3541 | Sewer    | Reached skill level 5 in Fighting
  3956 | D:4      | Reached XP level 7. HP: 49/56 MP: 7/7
  4562 | D:5      | Entered Level 5 of the Dungeon
  5162 | D:6      | Reached skill level 6 in Fighting
  5168 | D:6      | Gained mutation: Your demonic aura often causes spilled
                  | blood to erupt in flames. [demonic ancestry]
  5168 | D:6      | Reached XP level 8. HP: 64/64 MP: 8/8
  5787 | D:6      | Found a sparkling altar of Nemelex Xobeh.
  6051 | D:7      | Reached skill level 7 in Fighting
  6216 | D:7      | Reached skill level 1 in Armour
  6519 | D:7      | Found Xaghocrio's Self-Improvement Boutique.
  6626 | D:7      | Reached XP level 9. HP: 63/72 MP: 9/9
  6668 | D:7      | Found a staircase to the Ecumenical Temple.
  6688 | Temple   | Entered the Ecumenical Temple
  6724 | Temple   | Became a worshipper of Hepliaklqana the Forgotten
  6724 | Temple   | Reached * piety under Hepliaklqana
  6724 | Temple   | Reached ** piety under Hepliaklqana
  6725 | Temple   | Remembered your ancestor Becki as a hexer
  6916 | D:7      | Found an ornate altar of the Wu Jian Council.
  7120 | D:8      | Identified the +1 robe "Fajum" {Dex+2 SInv}
  7214 | D:8      | Reached skill level 10 in Long Blades
  7616 | D:8      | Identified the +1 robe "Adygipno" {Fly rC+ Dex-2}
  7668 | D:9      | Reached skill level 1 in Invocations
  7950 | D:9      | Identified 2 scrolls of acquirement
  7950 | D:9      | Acquired a manual of Long Blades
  7952 | D:9      | Acquired the ring "Jawib" {Int+3 SInv}
  8008 | D:9      | Found a shadowy altar of Dithmenos.
  8008 | D:9      | Found a bloodstained altar of Trog.
  8008 | D:9      | Found a shimmering blue altar of Sif Muna.
  8027 | D:9      | Found a hide-covered altar of Uskayaw.
  8033 | D:9      | Found a snail-covered altar of Cheibriados.
  8349 | D:9      | Reached XP level 10. HP: 71/71 MP: 13/13
  8461 | D:9      | Reached skill level 5 in Invocations
  8632 | D:9      | Noticed an orange demon
  8644 | D:9      | Reached skill level 5 in Armour
  8682 | D:9      | Reached *** piety under Hepliaklqana
  9357 | D:10     | Entered Level 10 of the Dungeon
  9403 | D:10     | Found an iron altar of Okawaru.
  9488 | D:10     | Reached skill level 1 in Evocations
  9807 | D:10     | Reached skill level 5 in Dodging
  9827 | D:10     | Noticed a gargoyle
  9836 | D:10     | Killed a gargoyle
  9837 | D:10     | Reached XP level 11. HP: 55/75 MP: 16/16
 10204 | D:11     | Noticed a boulder beetle
 10236 | D:11     | Killed a boulder beetle
 10337 | D:11     | Found a staircase to the Lair.
 10395 | D:11     | Reached skill level 8 in Fighting
 10428 | D:11     | Noticed a two-headed ogre
 10433 | D:11     | Killed a two-headed ogre
 10434 | D:11     | Reached skill level 5 in Evocations
 10924 | D:11     | Reached **** piety under Hepliaklqana
 11165 | D:11     | Gained mutation: You have a pair of large horns on your
                  | head. [demonic ancestry]
 11165 | D:11     | Reached XP level 12. HP: 84/84 MP: 17/17
 11291 | D:11     | Found a staircase to the Orcish Mines.
 11373 | Lair:1   | Entered Level 1 of the Lair of Beasts
 11576 | Lair:1   | Reached skill level 9 in Fighting
 12074 | D:7      | Bought a manual of Fighting for 880 gold pieces
 12983 | Lair:2   | Gained mutation: When seriously injured, your blood forms
                  | thick armour. (AC +12) [demonic ancestry]
 12983 | Lair:2   | Reached XP level 13. HP: 76/83 MP: 18/18
 12989 | Lair:2   | Reached skill level 5 in Stealth
 12994 | Lair:2   | Reached skill level 10 in Fighting
 13028 | Lair:2   | Found a hole to the Spider Nest.
 13290 | Lair:2   | Reached skill level 11 in Fighting
 14084 | Lair:2   | Found a staircase to the Shoals.
 14603 | Lair:3   | Found a gate leading to a gauntlet.
 14635 | Gauntlet | Entered a Gauntlet
 14635 | Gauntlet | Found a transporter.
 14645 | Gauntlet | Found a transporter.
 14660 | Gauntlet | Found a transporter.
 14662 | Gauntlet | Noticed a reaper
 14665 | Gauntlet | Found a transporter.
 14681 | Gauntlet | Reached ***** piety under Hepliaklqana
 14682 | Gauntlet | Found a transporter.
 14700 | Gauntlet | Found a transporter.
 14712 | Gauntlet | Found a transporter.
 14724 | Gauntlet | Found a transporter.
 14733 | Gauntlet | Found a transporter.
 14748 | Gauntlet | Found a transporter.
 14767 | Gauntlet | Found a transporter.
 14782 | Gauntlet | Found a transporter.
 14784 | Gauntlet | Found a transporter.
 14810 | Gauntlet | Found a transporter.
 14812 | Gauntlet | Found a transporter.
 14832 | Gauntlet | Found a transporter.
 14834 | Gauntlet | Found a transporter.
 14934 | Gauntlet | Found a transporter.
 15266 | Gauntlet | Reached skill level 12 in Fighting
 15274 | Gauntlet | Identified the ring of Byck {rF+ Will- rCorr Dex+4}
 15316 | Gauntlet | Noticed a minotaur
 15337 | Gauntlet | Killed a minotaur
 15707 | Lair:3   | Noticed Josephine
 15715 | Lair:3   | Killed Josephine
 16708 | Lair:4   | Reached skill level 10 in Invocations
 16713 | Lair:4   | Reached skill level 13 in Fighting
 16916 | Lair:4   | Found a staircase to the Slime Pits.
 16917 | Lair:4   | Found a viscous altar of Jiyva.
 17084 | Lair:4   | Gained mutation: When seriously injured, your blood forms
                  | very thick armour. (AC +12) [demonic ancestry]
 17084 | Lair:4   | Reached XP level 14. HP: 98/106 MP: 21/21
 17529 | Lair:5   | Entered Level 5 of the Lair of Beasts
 17683 | Lair:5   | Reached skill level 14 in Fighting
 18827 | Lair:5   | Reached skill level 15 in Fighting
 19209 | D:12     | Found a frozen archway.
 19231 | D:12     | Reached skill level 1 in Short Blades
 19265 | IceCv    | Entered an ice cave
 19724 | IceCv    | Noticed a reaper
 19753 | IceCv    | HP: 4/165 [reaper/+2 scythe of freezing (20)]
 19755 | IceCv    | Killed a reaper
 20217 | IceCv    | Upgraded the game from 0.30-a0-358-g0d69a1922f to
                  | 0.30-a0-359-gd0147acb1a
 20583 | D:12     | Reached ****** piety under Hepliaklqana
 22185 | D:13     | Gained mutation: You are robust. (+10% HP) [demonic
                  | ancestry]
 22185 | D:13     | Reached XP level 15. HP: 101/130 MP: 24/24
 22199 | D:13     | Reached skill level 16 in Fighting
 22199 | D:13     | Reached skill level 10 in Stealth
 22693 | D:13     | Reached skill level 1 in Shields
 24080 | D:13     | Found a gate to the Vaults.
 24498 | D:14     | Found an iron altar of Okawaru.
 24510 | D:14     | Acquired a +0 double sword of electrocution
 25112 | D:14     | Noticed Frances
 25124 | D:14     | Killed Frances
 25260 | D:15     | Entered Level 15 of the Dungeon
 25309 | D:15     | Reached skill level 5 in Shields
 25824 | D:15     | Found a staircase to the Depths.
 25966 | D:15     | Found an opulent altar of Gozag.
 26794 | Orc:1    | Entered Level 1 of the Orcish Mines
 26837 | Orc:1    | Found Ihyz's General Store.
 26846 | Orc:1    | Bought a potion of invisibility for 96 gold pieces
 26846 | Orc:1    | Bought a potion of might for 48 gold pieces
 26846 | Orc:1    | Bought a scroll of fog for 48 gold pieces
 26878 | Orc:1    | Noticed Jorgrun
 26888 | Orc:1    | Killed Jorgrun
 26889 | Orc:1    | Reached skill level 15 in Long Blades
 27465 | Orc:2    | Entered Level 2 of the Orcish Mines
 27527 | Orc:2    | Noticed Nessos
 27557 | Orc:2    | Killed Nessos
 27625 | Orc:2    | Found a staircase to the Elven Halls.
 28101 | Orc:2    | Found Jofret's General Store.
 28103 | Orc:2    | Found Menkim's Distillery.
 28432 | Orc:2    | Reached XP level 16. HP: 111/138 MP: 26/26
 28624 | Orc:2    | Paralysed by an orc sorcerer for 2 turns
 29030 | Orc:2    | Bought a potion of invisibility for 112 gold pieces
 29030 | Orc:2    | Bought 2 potions of mutation for 224 gold pieces
 29030 | Orc:2    | Bought a potion of heal wounds for 70 gold pieces
 29224 | Orc:2    | Found Otozxah's Antique Armour Boutique.
 29224 | Orc:2    | Found Mogh's Jewellery Shop.
 29225 | Orc:2    | Found a one-way gate leading to the halls of Pandemonium.
 29264 | Orc:2    | Bought the ring of the Sunfish {Fire Fly rPois rN+ Dex+4}
                  | for 763 gold pieces
 29615 | Spider:1 | Entered Level 1 of the Spider Nest
 29992 | Spider:1 | Found a transporter.
 29996 | Spider:1 | Noticed oldmanjim's ghost (adept DjEE)
 30426 | Spider:1 | Found a transporter.
 30460 | Spider:1 | Got the Secrets of Execration
 31872 | Spider:2 | HP: 5/138 [burnt (6)]
 31872 | Spider:2 | Slain by a sun moth

Illustrated notes

Levels and vault maps discovered:
D:1:      dpeg_arrival_round_c, layout_basic
D:2:      minmay_spotlight, layout_loops_ring,
          hellmonk_ecumenical_altar_leap_of_faith
D:3:      layout_basic, serial_co_window_serial, co_window_paths_a,
          co_window_of_opportunity_a, co_window_paths_b, co_window_cross_1,
          co_window_paths_b, co_window_corner_cb, co_window_cross_4,
          co_window_unsneaky_path_d, co_window_paths_c, co_window_paths_d,
          glass_columns_a, glass_columns_c
D:4:      layout_gridville, gup_sewer_entry_bowl, st_stairs_10, uniq_duvessa
D:5:      layout_rooms, nrook_pool_corridor, kennysheep_nub, fountainhead
D:6:      layout_cave_pools, nemelex_spade_bored_becter, st_stairs_13
D:7:      layout_basic, nzn_wu_jian_contemplation, temple_pool_b,
          nicolae_shop_self_help
D:8:      layout_cave_pools, nicolae_tso_besieged_by_evil, lemuel_flame_loot_1
D:9:      layout_basic, minmay_overflow_temple_star_hex
D:10:     layout_roguey, mainiacjoe_overflow_brackets
D:11:     layout_roguey, due_lair_maze_entry_diamond, hiddenorc1_lemuel
D:12:     layout_loops_ring, portal_ice_cave_entry_animals_and_master
D:13:     minmay_imperfect_grid, layout_rooms, grunt_vaults_entry_fortified
D:14:     layout_basic, okawaru_trees_2, uniq_frances
D:15:     grunt_enter_depths_giant_problem, layout_loops_cross,
          grunt_gozag_statues
Temple:   cyrus_circular_temple
Lair:1:   layout_cave_pods
Lair:2:   layout_roguey, elwin_shoals_entry_rooms, spider_nest_entry_web_field,
          serial_rivers, chequers_serial_rivers_large_a,
          chequers_serial_rivers_small_b, chequers_serial_rivers_small_a,
          chequers_serial_rivers_micro_c, disabler_island
Lair:3:   layout_regular_city, gauntlet_entry_generic, uniq_josephine
Lair:4:   layout_gridlike, minmay_slime_entry_pillars, beast_lair_carwin_6,
          infiniplex_staircase_pool, grunt_megastairs_4
Lair:5:   due_jungle_book, layout_small_grid, lemuel_fruit_fields
Spider:1: layout_chambers, gammafunk_ghost_berserking_beasts,
          spiders_nest_spider_trap
Spider:2: layout_spider_delve, uniq_kirke
Orc:1:    layout_diamond_mine, serial_shops, nicolae_square_shop, uniq_jorgrun
Orc:2:    pf_orc_diabolical, layout_caves, uniq_nessos

Skill      XL: |  1  2  3  4  5  6  7  8  9 10 11 12 13 14 15 16 |
---------------+-------------------------------------------------+-----
Long Blades    | 3 4 5 6 7 9 10 12 13 14 15 | 15.7
Fighting       | 4 5 6 7 8 9 13 15 16 | 16.0
Armour         | 1 4 5 |  5.0
Invocations    | 4 7 10 12 13 14 | 14.0
Dodging        | 5 7 |  7.0
Evocations     | 3 5 6 7 9 |  9.7
Stealth        | 2 4 8 9 10 | 10.0
Ranged Weapons | 7 8 |  8.2
Short Blades   | 3 4 |  4.1
Shields        | 6 8 |  8.6

Action                   |  1- 3 |  4- 6 |  7- 9 | 10-12 | 13-15 | 16-18 || total
-------------------------+-------+-------+-------+-------+-------+-------++-------
Melee: Falchion          |   110 |       |       |       |       |       ||   110
       Headbutt          |    11 |    31 |    60 |    73 |   302 |    59 ||   536
       Long sword        |     1 |   147 |   241 |    97 |       |       ||   486
       Mace              |     1 |       |       |       |       |       ||     1
       Shillelagh        |       |       |     4 |     4 |    32 |       ||    40
       Punch             |       |       |     1 |     8 |    13 |       ||    22
       Scimitar          |       |       |       |   195 |   711 |       ||   906
       Dagger            |       |       |       |     8 |   116 |    13 ||   137
       Double sword      |       |       |       |       |   121 |   172 ||   293
 Fire: Sling             |     8 |       |       |     8 |       |       ||    16
       Hand crossbow     |       |       |       |       |    69 |    84 ||   153
Throw: Dart              |       |     6 |     4 |     6 |    14 |       ||    30
Invok: Ancestor Life: He |       |       |     1 |       |       |       ||     1
       Ancestor Identity |       |       |     1 |       |       |       ||     1
       Recall Ancestor   |       |       |       |     1 |       |       ||     1
       Transference      |       |       |       |     1 |       |       ||     1
Evoke: Wand              |       |       |     2 |     1 |    16 |     2 ||    21
       Condenser vane    |       |       |       |     1 |     3 |       ||     4
       Phial of floods   |       |       |       |       |       |     1 ||     1
  Use: Scroll            |       |     8 |     9 |     6 |    12 |     7 ||    42
       Potion            |       |       |     4 |     3 |    11 |     1 ||    19
 Stab: Sleeping          |     1 |     3 |     1 |     3 |    11 |     6 ||    25
       Confused          |       |       |     4 |     6 |    36 |     6 ||    52
       Distracted        |       |       |       |    12 |    20 |     5 ||    37
       Invisible         |       |       |       |       |     7 |       ||     7
       Paralysed         |       |       |       |       |    21 |    11 ||    32
       Fleeing           |       |       |       |       |     1 |       ||     1
Armor: Ring mail         |    40 |    47 |   123 |    20 |       |       ||   230
       Steam dragon scal |       |       |       |    25 |       |       ||    25
       Troll leather arm |       |       |       |    23 |   131 |       ||   154
       Ice dragon scales |       |       |       |       |    60 |    61 ||   121
       Scale mail        |       |       |       |       |   116 |    21 ||   137
Dodge: Dodged            |    64 |    87 |   152 |   200 |   433 |    75 ||  1011
Block: Kite shield       |       |       |       |       |   129 |   136 ||   265
       Reflection        |       |       |       |       |    20 |       ||    20

Table legend: (Time is in decaauts)
 A = Elapsed time spent in this place.
 B = Non-inter-level travel time spent in this place.
 C = Inter-level travel time spent in this place.
 D = Time resting spent in this place.
 E = Time spent auto-exploring this place.
 F = Levels seen in this place.
 G = Mean time per level.
                   A        B        C        D        E       F      G
               +--------+--------+--------+--------+--------+-----+--------+
         Total |  31811 |  29846 |   1965 |   8758 |  13723 |  28 | 1136.1 |
       Dungeon |  17111 |  16138 |    973 |   4918 |   7856 |  15 | 1140.7 |
        Temple |     54 |     39 |     15 |      0 |     22 |   1 |   54.0 |
          Lair |   6952 |   6162 |    790 |   1108 |   3368 |   5 | 1390.4 |
   Spider Nest |   2271 |   2220 |     51 |    682 |   1075 |   2 | 1135.5 |
  Orcish Mines |   2573 |   2438 |    135 |   1026 |    554 |   2 | 1286.5 |
         Sewer |    917 |    917 |      0 |    143 |    480 |   1 |  917.0 |
      Ice Cave |   1129 |   1129 |      0 |    744 |     15 |   1 | 1129.0 |
      Gauntlet |    801 |    801 |      0 |    135 |    352 |   1 |  801.0 |
               +--------+--------+--------+--------+--------+-----+--------+

Top non-repeatable levels by time:
    D:13: 3101 daAuts
  Lair:1: 2106 daAuts
Spider:1: 2023 daAuts
   Orc:2: 1843 daAuts
     D:9: 1623 daAuts
  Lair:2: 1467 daAuts
    D:11: 1423 daAuts
  Lair:5: 1388 daAuts
    D:15: 1270 daAuts
     D:4: 1222 daAuts
   IceCv: 1129 daAuts
     D:7: 1120 daAuts
     D:3: 1115 daAuts
  Lair:3: 1035 daAuts
  Lair:4: 953 daAuts
